[Event "Titled Tuesday Blitz July 13 2021"]
[White "Nozdrachev, Leonid"]
[Black "Shukhman, Anna"]
[WhiteFideId "24113433"]
[BlackFideId "54180058"]
[WhiteElo "2221"]
[BlackElo "1628"]
[Result "1-0"]
[Round "06"]
[TimeControl "180+1"]
[Date "2021.07.13"]
[WhiteClock "0:01:36"]
[BlackClock "0:00:30"]

1. e4 c5 2. c3 Nf6 3. e5 Nd5 4. d4 cxd4 5. Nf3 d6 6. cxd4 Nc6 7. Bc4 e6 8. O-O Be7 9. Qe2 O-O 10. Re1 dxe5 11. dxe5 b6 12. Nc3 Nxc3 13. bxc3 Bb7 14. Bd3 Na5 15. Qc2 g6 16. Bh6 Re8 17. Bb5 Bxf3 18. Bxe8 Bb7 19. Bb5 Bxg2 20. Rad1 Bd5 21. c4 Rc8 22. Qe2 Nxc4 23. Bxc4 Rxc4 24. Qxc4 Bxc4 25. Rxd8+ Bxd8 26. Rd1 Bh4 27. Rd7 f6 28. Rg7+ Kh8 29. Rc7 Kg8 1-0


[Site "https://www.chess.com"]

[Event "Titled Tuesday Blitz July 13 2021"]
[White "Obolentseva, Alexandra"]
[Black "Michailov, Matias"]
[WhiteFideId "24153648"]
[BlackFideId "3001571"]
[WhiteElo "2113"]
[BlackElo "2231"]
[Result "0-1"]
[Round "06"]
[TimeControl "180+1"]
[Date "2021.07.13"]
[WhiteClock "0:00:45"]
[BlackClock "0:00:15"]

1. d4 Nf6 2. c4 g6 3. Nc3 Bg7 4. e4 d6 5. Nf3 O-O 6. Be2 e5 7. O-O Nc6 8. d5 Ne7 9. b4 Nh5 10. Re1 f5 11. Ng5 Nf6 12. Bf3 c6 13. dxc6 bxc6 14. exf5 gxf5 15. b5 e4 16. Be2 d5 17. cxd5 Nfxd5 18. Nxd5 cxd5 19. Rb1 h6 20. Nh3 d4 21. Bc4+ Kh7 22. Nf4 Qd6 23. g3 Bd7 24. Qb3 Rac8 25. Ba3 Qe5 26. Nd3 Qf6 27. Nc5 Rfd8 28. Nxd7 Rxd7 29. Be6 Rc3 30. Bxd7 Rxb3 31. Rxb3 d3 32. Bc5 Nd5 33. f3 Qf7 34. Bc6 d2 35. Rd1 e3 36. Bxd5 Qxd5 37. Bxe3 Qxf3 38. Rxd2 Qe4 39. Bxa7 Qe1+ 40. Kg2 Qxd2+ 41. Kh3 Qxa2 42. Rf3 Qxa7 43. Rxf5 Kg6 0-1


[Site "https://www.chess.com"]

[Event "Titled Tuesday Blitz July 13 2021"]
[White "Pajeken, Jakob Leon"]
[Black "Abdusattorov, Nodirbek"]
[WhiteFideId "12942839"]
[BlackFideId "14204118"]
[WhiteElo "2231"]
[BlackElo "2662"]
[Result "0-1"]
[Round "06"]
[TimeControl "180+1"]
[Date "2021.07.13"]
[WhiteClock "0:00:25"]
[BlackClock "0:01:09"]

1. d4 Nf6 2. Nf3 d5 3. Bf4 c5 4. e3 Nc6 5. Nbd2 Nh5 6. Bg5 h6 7. Bh4 g5 8. Bg3 g4 9. Ne5 Nxg3 10. hxg3 Nxe5 11. dxe5 Bg7 12. Bb5+ Kf8 13. Rh5 c4 14. c3 Qb6 15. Ba4 Qxb2 16. Rc1 Be6 17. Rb1 Qxc3 18. Rxb7 Bxe5 19. Qb1 Kg7 20. Rxe7 Rab8 21. Qd1 Rb2 22. e4 Rhb8 23. Ke2 Rxa2 24. Bd7 Rbb2 25. Rxf7+ Bxf7 26. Kf1 Bxh5 0-1


[Site "https://www.chess.com"]

[Event "Titled Tuesday Blitz July 13 2021"]
[White "Papasimakopoulos, Alexandros"]
[Black "Moskalenko, Alexander"]
[WhiteFideId "4244125"]
[BlackFideId "4155351"]
[WhiteElo "2352"]
[BlackElo "2495"]
[Result "1-0"]
[Round "06"]
[TimeControl "180+1"]
[Date "2021.07.13"]
[WhiteClock "0:00:54"]
[BlackClock "0:01:50"]

1. d4 g6 2. e4 Bg7 3. c4 c5 4. d5 d6 5. Bd3 b5 6. cxb5 a6 7. Nf3 axb5 8. Bxb5+ Nd7 9. O-O Qa5 10. Bc6 Rb8 11. Nc3 Nf6 12. e5 O-O 13. exf6 Nxf6 14. Re1 e5 15. dxe6 Bxe6 16. Qxd6 Rfd8 17. Qf4 h6 18. Be4 Nxe4 19. Qxe4 Bf5 20. Qh4 g5 21. Qg3 Rd3 22. Qxb8+ Kh7 23. Be3 Bxc3 24. bxc3 Rxc3 25. Bd2 Qb4 26. Qxb4 cxb4 27. Bxc3 bxc3 28. Rac1 c2 29. Nd4 Bd3 30. Nxc2 g4 31. Nb4 Bg6 32. a4 1-0


[Site "https://www.chess.com"]

[Event "Titled Tuesday Blitz July 13 2021"]
[White "Pastar, Slaven"]
[Black "Castellanos Hernandez, Emilio Au"]
[WhiteFideId "14402718"]
[BlackFideId "5114179"]
[WhiteElo "2150"]
[BlackElo "2021"]
[Result "1-0"]
[Round "06"]
[TimeControl "180+1"]
[Date "2021.07.13"]
[WhiteClock "0:02:21"]
[BlackClock "0:01:46"]

1. b3 d5 2. Bb2 Nf6 3. g3 Bf5 4. Bg2 e6 5. Nf3 c5 6. d4 Nc6 7. O-O Rc8 8. c4 Be7 9. cxd5 exd5 10. dxc5 Bxc5 11. Bxf6 Qxf6 12. Qxd5 Qxa1 13. Qxc5 Bxb1 14. Ne5 Qxe5 15. Bxc6+ 1-0


[Site "https://www.chess.com"]

[Event "Titled Tuesday Blitz July 13 2021"]
[White "Patrascu, Catalin-Lucian"]
[Black "Aradhya, Garg"]
[WhiteFideId "1229052"]
[BlackFideId "25006746"]
[WhiteElo "2120"]
[BlackElo "2146"]
[Result "1/2-1/2"]
[Round "06"]
[TimeControl "180+1"]
[Date "2021.07.13"]
[WhiteClock "0:00:02"]
[BlackClock "0:00:40"]

1. e4 e5 2. Nf3 Nc6 3. Bb5 a6 4. Ba4 Nf6 5. O-O b5 6. Bb3 Bc5 7. d3 d6 8. a3 O-O 9. h3 Ne7 10. Be3 Ba7 11. Nc3 Ng6 12. Nd5 Bxe3 13. fxe3 Nxd5 14. Bxd5 Rb8 15. Qe1 Bb7 16. Bxb7 Rxb7 17. Qa5 c6 18. Qxd8 Rxd8 19. Nd2 Kf8 20. b4 Ke7 21. Nb3 Nf8 22. a4 Ne6 23. axb5 axb5 24. Ra6 c5 25. Na5 Nc7 26. Nc6+ Ke8 27. Nxd8 Kxd8 28. Rxd6+ Ke7 29. bxc5 Ne6 30. c6 Rc7 31. Rd7+ Rxd7 32. cxd7 f6 33. Rb1 Nc7 34. c4 bxc4 35. Rc1 cxd3 36. Rd1 Kxd7 37. Rxd3+ Ke7 38. Kf2 Ne6 39. Rc3 Ng5 40. Rc4 Kf7 41. h4 Ne6 42. Kf3 h5 43. Ra4 Nc5 44. Ra5 Nd3 45. Ra7+ Kg6 46. Ra3 Nc5 47. Rc3 Ne6 48. g4 hxg4+ 49. Kxg4 Nf8 50. Rc6 Nd7 51. Rc7 Nb6 52. Rb7 Nc4 53. h5+ Kh6 54. Kf3 Nd2+ 55. Kg4 Nxe4 56. Rc7 Nf2+ 57. Kf3 Nd3 58. Kg4 Nf2+ 59. Kf3 Nd3 60. Kg4 Nf2+ 1/2-1/2


[Site "https://www.chess.com"]

[Event "Titled Tuesday Blitz July 13 2021"]
[White "Pelopidass"]
[Black "Zong, Davis"]
[BlackFideId "30903955"]
[WhiteElo "2560"]
[BlackElo "2402"]
[Result "1/2-1/2"]
[Round "06"]
[TimeControl "180+1"]
[Date "2021.07.13"]
[WhiteClock "0:00:27"]
[BlackClock "0:00:27"]

1. e4 e5 2. Nf3 Nc6 3. Bb5 a6 4. Ba4 Nf6 5. O-O Be7 6. Bxc6 dxc6 7. d3 Nd7 8. Nbd2 O-O 9. Nc4 f6 10. Nh4 c5 11. Nf5 Nb6 12. Nxb6 cxb6 13. Ne3 Be6 14. c4 b5 15. Nd5 bxc4 16. dxc4 b5 17. Qc2 Rb8 18. Rd1 Qe8 19. Nc7 Qf7 20. Nxe6 Qxe6 21. Rd5 f5 22. exf5 Rxf5 23. b3 Rbf8 24. Be3 e4 25. Rad1 Rxd5 26. cxd5 Qe5 27. Bxc5 Rc8 28. b4 e3 29. Qe2 Bxc5 30. bxc5 Rxc5 31. Qxe3 Qxe3 32. fxe3 Kf8 33. Rd2 Ke7 34. d6+ Kd7 35. Kf2 Rc6 36. Ke2 Rxd6 37. Rc2 Rc6 38. Rd2+ Rd6 39. Rc2 Rc6 40. Rd2+ Rd6 1/2-1/2


[Site "https://www.chess.com"]

[Event "Titled Tuesday Blitz July 13 2021"]
[White "Petukhov, Dmitry"]
[Black "Gelman, Alexander"]
[WhiteFideId "4142748"]
[BlackFideId "4118316"]
[WhiteElo "2356"]
[BlackElo "2375"]
[Result "0-1"]
[Round "06"]
[TimeControl "180+1"]
[Date "2021.07.13"]
[WhiteClock "0:01:42"]
[BlackClock "0:01:13"]

1. e4 c5 2. c3 e6 3. d4 d5 4. e5 Nc6 5. Nf3 Bd7 6. a3 f6 7. exf6 Nxf6 8. b4 c4 9. a4 Bd6 10. g3 O-O 11. Bg2 Be8 12. b5 Ne7 13. Ne5 Bh5 14. Qc2 Bxe5 15. dxe5 Ng4 16. O-O Nxe5 17. Bf4 Rxf4 18. gxf4 Nf3+ 19. Kh1 Ng6 20. Nd2 Nfh4 21. Rg1 Qf6 22. Nf1 Nxg2 23. Kxg2 Nxf4+ 0-1


[Site "https://www.chess.com"]

[Event "Titled Tuesday Blitz July 13 2021"]
[White "Popilski, Gil"]
[Black "Onyshchuk, Volodymyr"]
[WhiteFideId "2809060"]
[BlackFideId "14114038"]
[WhiteElo "2537"]
[BlackElo "2603"]
[Result "0-1"]
[Round "06"]
[TimeControl "180+1"]
[Date "2021.07.13"]
[WhiteClock "0:00:01"]
[BlackClock "0:00:17"]

1. e4 d6 2. d4 Nf6 3. Nc3 g6 4. Be3 c6 5. a4 Nbd7 6. Nf3 e5 7. dxe5 dxe5 8. Bc4 h6 9. Qe2 Bb4 10. Bxf7+ Kxf7 11. Qc4+ Kg7 12. Qxb4 Re8 13. O-O Ng4 14. Bd2 Qb6 15. Qa3 Qc5 16. Qa2 Nf8 17. h3 Be6 18. Qa3 Qxa3 19. Rxa3 Nf6 20. Nxe5 Rad8 21. Be3 Bc8 22. f4 Ne6 23. Nd3 Nd4 24. Bxd4 Rxd4 25. e5 Nh5 26. g4 Ng3 27. Re1 h5 28. Kf2 h4 29. Ne2 Rc4 30. Nxg3 hxg3+ 31. Kxg3 Rxc2 32. Rc3 Rd2 33. Nc5 Rxb2 34. Rd3 b6 35. Ne4 Be6 36. Nd6 Rf8 37. Rf3 Bd5 38. Ne4 Rb4 39. Rfe3 Rxa4 40. Nf6 Be6 41. Rc1 c5 42. Rd3 Rc8 43. Rd6 Kf7 44. Kh4 Rxf4 45. Kg5 Rf3 46. Ra1 Rc7 47. h4 Re3 48. Rf1 Rxe5+ 49. Kh6 Ke7 50. Rd2 c4 51. Kxg6 c3 52. Rc2 Bb3 53. Rcc1 c2 54. g5 b5 55. h5 Rcc5 0-1


[Site "https://www.chess.com"]

[Event "Titled Tuesday Blitz July 13 2021"]
[White "Priasmoro, Novendra"]
[Black "Concio, Michael Jr."]
[WhiteFideId "7105029"]
[BlackFideId "5217873"]
[WhiteElo "2309"]
[BlackElo "1896"]
[Result "1-0"]
[Round "06"]
[TimeControl "180+1"]
[Date "2021.07.13"]
[WhiteClock "0:01:52"]
[BlackClock "0:01:43"]

1. e4 e5 2. Nf3 Nc6 3. Bb5 a6 4. Ba4 Nf6 5. O-O b5 6. Bb3 Be7 7. Re1 O-O 8. c3 d6 9. h3 Na5 10. Bc2 c5 11. d3 Qc7 12. Nbd2 Bb7 13. Nf1 Rfe8 14. Ng3 Rad8 15. Nf5 Bf8 16. Bg5 Re6 17. Nh2 h6 18. Bh4 Rd7 19. d4 exd4 20. cxd4 Nh7 21. d5 Re8 22. Ng4 Nc4 23. b3 Ne5 24. Nge3 g6 25. f4 gxf5 26. fxe5 Rxe5 27. Nxf5 f6 28. Qg4+ Ng5 29. Bg3 1-0


[Site "https://www.chess.com"]

[Event "Titled Tuesday Blitz July 13 2021"]
[White "Pridorozhni, Aleksei"]
[Black "Zubritskiy, Artyom"]
[WhiteFideId "4127870"]
[BlackFideId "4181247"]
[WhiteElo "2565"]
[BlackElo "2559"]
[Result "1-0"]
[Round "06"]
[TimeControl "180+1"]
[Date "2021.07.13"]
[WhiteClock "0:01:09"]
[BlackClock "0:00:01"]

1. e4 c5 2. Nc3 d6 3. f4 g6 4. d4 cxd4 5. Qxd4 Nf6 6. Bd3 Nc6 7. Qf2 Bg7 8. Nf3 O-O 9. h3 Rb8 10. O-O Nd7 11. Be3 a6 12. Rae1 b5 13. g4 b4 14. Nd1 Bb7 15. h4 Qa5 16. b3 Nc5 17. h5 Qxa2 18. Bxc5 dxc5 19. e5 Nd4 20. Nxd4 cxd4 21. e6 f5 22. hxg6 hxg6 23. Qh4 Qa5 24. Re2 Qd5 25. Rh2 Rf6 26. Bc4 Qd6 27. g5 Rxe6 28. Qh7+ Kf7 29. Bxe6+ Qxe6 30. Qh4 Qd5 31. Qg3 Rc8 32. Re1 e6 33. Nb2 d3 34. Nxd3 Bd4+ 35. Kf1 Kg8 36. Qh3 Rc7 37. Ne5 Qb5+ 38. Ree2 1-0


[Site "https://www.chess.com"]

[Event "Titled Tuesday Blitz July 13 2021"]
[White "Prraneeth Vuppala"]
[Black "Woodward, Andy"]
[WhiteFideId "46622373"]
[BlackFideId "30953499"]
[WhiteElo "1759"]
[BlackElo "2137"]
[Result "0-1"]
[Round "06"]
[TimeControl "180+1"]
[Date "2021.07.13"]
[WhiteClock "0:00:08"]
[BlackClock "0:00:46"]

1. e4 c5 2. Nf3 d6 3. d4 cxd4 4. Nxd4 Nf6 5. Nc3 a6 6. h3 g6 7. Be3 Bg7 8. g4 O-O 9. Bg2 Nc6 10. O-O Nxd4 11. Bxd4 b5 12. e5 dxe5 13. Be3 Be6 14. Bxa8 Qxa8 15. Qe2 Bc4 16. Qd2 Rd8 17. Qe1 b4 18. Na4 Qf3 19. Kh2 Bxf1 20. Qxf1 Qc6 21. Nc5 Rd6 22. a3 Nd5 23. axb4 Nxb4 24. Qe2 e4 25. c3 Nd3 26. b4 Bxc3 27. Rxa6 Qd5 28. Ra5 Bxb4 29. Rb5 Bxc5 30. Bxc5 Nxc5 31. Qb2 Rd8 32. Qc3 Qd6+ 33. Kg2 Nd3 34. Rb7 Nf4+ 35. Kh1 Qd1+ 36. Kh2 Ne2 0-1


[Site "https://www.chess.com"]

[Event "Titled Tuesday Blitz July 13 2021"]
[White "Pruijssers, Roeland"]
[Black "Paravyan, David"]
[WhiteFideId "1013068"]
[BlackFideId "4194985"]
[WhiteElo "2545"]
[BlackElo "2562"]
[Result "0-1"]
[Round "06"]
[TimeControl "180+1"]
[Date "2021.07.13"]
[WhiteClock "0:00:05"]
[BlackClock "0:00:34"]

1. e4 c6 2. d4 d5 3. e5 Bf5 4. Nf3 e6 5. Be2 Nd7 6. Nbd2 a5 7. O-O a4 8. c4 Ne7 9. Nh4 h6 10. Nxf5 Nxf5 11. Nf3 dxc4 12. Bxc4 Be7 13. g4 Nh4 14. Nxh4 Bxh4 15. f4 Nb6 16. Be2 Nd5 17. a3 Qb6 18. Kh1 Be7 19. Bf3 Qb5 20. Be2 Qb6 21. Bf3 Qb5 22. Be2 Qa5 23. f5 Bg5 24. Qd3 O-O-O 25. fxe6 fxe6 26. Qg6 Nc7 27. Bxg5 hxg5 28. Qxg5 Qd5+ 29. Bf3 Qxd4 30. Rad1 Qxb2 31. Rxd8+ Rxd8 32. Qxg7 Qxa3 33. g5 Qb2 34. g6 a3 35. Qh6 a2 36. Qc1 Qxe5 37. Qa3 Rd2 38. Qf8+ Kd7 39. Qf7+ Kd8 40. Qf8+ Ne8 41. Bg2 a1=Q 0-1


[Site "https://www.chess.com"]

[Event "Titled Tuesday Blitz July 13 2021"]
[White "Przybylski, Wojciech"]
[Black "Baradaran, Arman"]
[WhiteFideId "1117599"]
[BlackFideId "880515"]
[WhiteElo "2317"]
[BlackElo "2132"]
[Result "1-0"]
[Round "06"]
[TimeControl "180+1"]
[Date "2021.07.13"]
[WhiteClock "0:00:13"]
[BlackClock "0:00:06"]

1. e4 e5 2. Nf3 Nc6 3. d4 exd4 4. Nxd4 Nf6 5. Nxc6 bxc6 6. e5 Qe7 7. Qe2 Nd5 8. h4 h6 9. c4 Ba6 10. b3 g6 11. f4 Bg7 12. Qf2 Nf6 13. Bb2 O-O 14. Be2 Ne4 15. Qe3 d5 16. cxd5 Bxe2 17. Qxe4 Ba6 18. Ba3 Qd7 19. dxc6 Qg4 20. Nd2 Rfd8 21. Nc4 f5 22. Qf3 Qxf3 23. gxf3 Rd4 24. Kf2 Bxc4 25. bxc4 Rxf4 26. Rae1 Rxc4 27. e6 Rc2+ 28. Kg3 Rxa2 29. Bc1 Re8 30. Bf4 Rc2 31. Rc1 Rxc1 32. Rxc1 Rxe6 33. Bxc7 Re8 34. Rd1 Rc8 35. Rd8+ Rxd8 36. Bxd8 Be5+ 37. f4 Bd6 38. c7 Bxc7 39. Bxc7 Kf7 40. Kf3 a6 41. Ke3 g5 42. fxg5 hxg5 43. hxg5 Kg6 44. Kf4 Kf7 45. Kxf5 Kg7 46. Be5+ Kf7 47. Bc3 Kg8 48. g6 a5 49. Bxa5 Kf8 50. Bc3 Kg8 51. Kg5 Kf8 52. Kh6 Kg8 53. Bd4 Kf8 54. Kh7 Ke7 55. g7 Ke6 56. g8=Q+ Kf5 57. Qg6+ Kf4 58. Bh8 Kf3 59. Kh6 Kf4 60. Kh5 Kf3 61. Kg5 Ke3 62. Kf5 Kd3 63. Kf4+ Ke2 64. Qg2+ Kd3 65. Qe4+ Kd2 66. Qe3+ Kc2 67. Ke4 Kb1 68. Qf2 Kc1 69. Kd3 Kd1 70. Qd2# 1-0


[Site "https://www.chess.com"]

[Event "Titled Tuesday Blitz July 13 2021"]
[White "Quparadze, Giga"]
[Black "Goltsev, Dmitry"]
[WhiteFideId "13602250"]
[BlackFideId "24176710"]
[WhiteElo "2658"]
[BlackElo "2366"]
[Result "1-0"]
[Round "06"]
[TimeControl "180+1"]
[Date "2021.07.13"]
[WhiteClock "0:02:12"]
[BlackClock "0:00:05"]

1. e4 e6 2. d4 d5 3. Nd2 Nf6 4. e5 Nfd7 5. Bd3 c5 6. c3 Nc6 7. Ne2 cxd4 8. cxd4 Qb6 9. Nf3 f6 10. exf6 Nxf6 11. O-O Bd6 12. Rb1 O-O 13. b4 a6 14. a3 Bd7 15. Bf4 Bxf4 16. Nxf4 Ne4 17. g3 g5 18. Bxe4 gxf4 19. Bc2 fxg3 20. hxg3 Rf7 21. Ng5 Rg7 22. Qh5 Qxd4 23. Bxh7+ Kf8 24. Rb3 Ne5 25. Qh6 Ng4 26. Qh4 e5 27. Rf3+ Ke8 28. Bf5 Bxf5 29. Qh8+ Kd7 30. Qxg7+ Kc6 31. Rxf5 Kb5 32. Nf3 Qe4 33. Qxb7+ Ka4 34. Qc6+ Kb3 35. Nd2+ 1-0


[Site "https://www.chess.com"]

[Event "Titled Tuesday Blitz July 13 2021"]
[White "Rodriguez, Santiago"]
[Black "Tomiello, Lucas Costamilan"]
[WhiteFideId "3000591"]
[BlackFideId "22701940"]
[WhiteElo "2256"]
[BlackElo "1945"]
[Result "1-0"]
[Round "06"]
[TimeControl "180+1"]
[Date "2021.07.13"]
[WhiteClock "0:01:37"]
[BlackClock "0:01:30"]

1. d4 Nf6 2. Bg5 d5 3. Bxf6 exf6 4. e3 Bd6 5. Bd3 O-O 6. Qf3 c6 7. Nd2 Re8 8. Ne2 Nd7 9. g4 Nf8 10. O-O-O a5 11. h4 Ne6 12. Rdg1 h6 13. g5 fxg5 14. hxg5 Nxg5 15. Qh5 Kf8 16. f4 Ne4 17. Bxe4 dxe4 18. Rxg7 Qf6 19. Rh7 Bf5 20. Rxh6 Bg6 21. Rh8+ Kg7 22. Qh6# 1-0


[Site "https://www.chess.com"]

[Event "Titled Tuesday Blitz July 13 2021"]
[White "Rozhkov, Viacheslav"]
[Black "Toniutti, Ezio"]
[WhiteFideId "4181484"]
[BlackFideId "113034"]
[WhiteElo "2324"]
[BlackElo "2215"]
[Result "1-0"]
[Round "06"]
[TimeControl "180+1"]
[Date "2021.07.13"]
[WhiteClock "0:00:08"]
[BlackClock "0:00:10"]

1. e4 e5 2. Nf3 Nc6 3. d4 exd4 4. Bc4 Nf6 5. e5 d5 6. Bb5 Ne4 7. Nxd4 Bc5 8. Be3 O-O 9. Nxc6 bxc6 10. Bxc5 Nxc5 11. Bxc6 Rb8 12. Qxd5 Qe7 13. O-O Rxb2 14. Na3 Rd8 15. Qf3 Ne6 16. Qc3 Rb6 17. Rad1 Ba6 18. Rfe1 Rxc6 19. Qxc6 Rxd1 20. Rxd1 Qxa3 21. h3 g6 22. Qa8+ Kg7 23. Qxa7 Qxa2 24. Rd7 Qa1+ 25. Kh2 Qxe5+ 26. g3 Bb5 27. Rd2 Bc6 28. Qe3 Qf5 29. Qc3+ Qf6 30. Qxc6 h5 31. Qe4 Ng5 32. Qe3 h4 33. gxh4 Nf3+ 34. Kg2 Nxh4+ 35. Kh1 Nf3 36. Rd1 Qf5 37. Kg2 Nh4+ 38. Kf1 Nf3 39. Kg2 Ne5 40. Qd4 f6 41. Qe3 c5 42. Rd6 c4 43. Rb6 g5 44. Rb7+ Kg6 45. Rb8 Kg7 46. Rb7+ Kg6 47. Rc7 g4 48. hxg4 Nxg4 49. Qf3 Qg5 50. Qe4+ f5 51. Qe8+ Kh6 52. Qh8+ Kg6 53. Rg7+ 1-0


[Site "https://www.chess.com"]

[Event "Titled Tuesday Blitz July 13 2021"]
[White "Samsonkin, Artiom"]
[Black "Shevelev, Dmitri"]
[WhiteFideId "13503111"]
[BlackFideId "2802627"]
[WhiteElo "2513"]
[BlackElo "2262"]
[Result "1-0"]
[Round "06"]
[TimeControl "180+1"]
[Date "2021.07.13"]
[WhiteClock "0:00:24"]
[BlackClock "0:00:05"]

1. e4 c6 2. d4 d5 3. e5 Bf5 4. h4 Qb6 5. g4 Bd7 6. Nc3 e6 7. Na4 Qc7 8. Nf3 b5 9. Nc5 Bxc5 10. dxc5 f6 11. Bf4 Qa5+ 12. c3 b4 13. Qd4 bxc3 14. b4 Qa3 15. Bc1 Qa4 16. Qxc3 a5 17. Rb1 fxe5 18. Nxe5 Nf6 19. Bd3 O-O 20. O-O axb4 21. Rxb4 Qxa2 22. Bb2 d4 23. Rxd4 Nd5 24. Rxd5 exd5 25. Nxd7 Nxd7 26. Qxg7# 1-0


[Site "https://www.chess.com"]

[Event "Titled Tuesday Blitz July 13 2021"]
[White "Sellitti, Federico"]
[Black "Daianu, Cristian-Clement"]
[WhiteFideId "821829"]
[BlackFideId "1208926"]
[WhiteElo "2591"]
[BlackElo "2133"]
[Result "1-0"]
[Round "06"]
[TimeControl "180+1"]
[Date "2021.07.13"]
[WhiteClock "0:00:06"]
[BlackClock "0:00:16"]

1. e4 c5 2. Nc3 e6 3. g3 Nc6 4. Bg2 Nf6 5. d3 d5 6. Nge2 dxe4 7. Nxe4 Nxe4 8. Bxe4 Qc7 9. O-O b6 10. Bf4 Bd6 11. d4 Bxf4 12. Nxf4 cxd4 13. Qg4 f5 14. Qh5+ Kf8 15. Ng6+ hxg6 16. Qxh8+ Kf7 17. Bg2 Bb7 18. Qh4 Ne5 19. Qxd4 Bxg2 20. Kxg2 Rd8 21. Qc3 Qb7+ 22. f3 Rd5 23. Rae1 Rc5 24. Qd2 g5 25. b4 Rd5 26. Qxg5 Qc6 27. Re2 a5 28. bxa5 bxa5 29. Rfe1 Qd6 30. Qf4 Kf6 31. Rxe5 Rxe5 32. Qxe5+ Qxe5 33. Rxe5 Kxe5 34. h4 Kd4 35. g4 fxg4 36. fxg4 Kc3 37. Kf2 Kxc2 38. Ke2 Kb2 39. h5 Kxa2 40. g5 Kb1 41. h6 a4 42. hxg7 a3 43. g8=Q a2 44. Qb8+ Ka1 45. Kd2 e5 46. Kc2 1-0


[Site "https://www.chess.com"]

[Event "Titled Tuesday Blitz July 13 2021"]
[White "Senthil Maran K"]
[Black "Cornette, Matthieu"]
[WhiteFideId "25035681"]
[BlackFideId "620084"]
[WhiteElo "2194"]
[BlackElo "2500"]
[Result "1-0"]
[Round "06"]
[TimeControl "180+1"]
[Date "2021.07.13"]
[WhiteClock "0:00:57"]
[BlackClock "0:00:27"]

1. d4 Nf6 2. c4 b6 3. Nf3 Bb7 4. g3 g6 5. Bg2 Bg7 6. O-O O-O 7. d5 Na6 8. Nc3 Nc5 9. Qc2 a5 10. e4 e6 11. e5 Ne8 12. Re1 f6 13. Be3 fxe5 14. Bxc5 bxc5 15. Nxe5 d6 16. dxe6 Bxe5 17. Bxb7 Rb8 18. Be4 Nf6 19. Nd5 Nxe4 20. e7 Nxf2 21. exd8=Q Rbxd8 22. Qxf2 Rxf2 23. Kxf2 Bxb2 24. Rab1 Bd4+ 25. Kg2 Rf8 1-0


[Site "https://www.chess.com"]

[Event "Titled Tuesday Blitz July 13 2021"]
[White "Seul, Georg"]
[Black "Shkapenko, Pavel"]
[WhiteFideId "4601653"]
[BlackFideId "4151933"]
[WhiteElo "2332"]
[BlackElo "2386"]
[Result "1/2-1/2"]
[Round "06"]
[TimeControl "180+1"]
[Date "2021.07.13"]
[WhiteClock "0:00:25"]
[BlackClock "0:00:19"]

1. e4 e5 2. Nc3 Nf6 3. f4 d5 4. fxe5 Nxe4 5. Qf3 Nc6 6. Bb5 Nxc3 7. dxc3 Qh4+ 8. g3 Qe4+ 9. Qxe4 dxe4 10. Bxc6+ bxc6 11. Be3 h5 12. h3 a5 13. a4 Be6 14. Ne2 Rd8 15. Nd4 Bd7 16. Nb3 Ra8 17. Bc5 Bf5 18. Bxf8 Kxf8 19. O-O-O Ke7 20. Nc5 Rhd8 21. c4 Rxd1+ 22. Kxd1 e3 23. Ke2 Bxc2 24. Kxe3 Rd8 25. Rc1 Bf5 26. h4 f6 27. exf6+ Kxf6 28. b3 g5 29. Rf1 gxh4 30. gxh4 Ke5 31. Re1 Bg4 32. Nb7 Rf8 33. Nxa5 Rf3+ 34. Kd2+ Kd6 35. Re4 c5 36. Nb7+ Kc6 37. Nd8+ Kd7 38. Nb7 Kc6 39. Nd8+ Kd7 40. Nb7 Kc6 1/2-1/2


[Site "https://www.chess.com"]

[Event "Titled Tuesday Blitz July 13 2021"]
[White "Shevchenko, Kirill"]
[Black "Maksimovic, Bojan"]
[WhiteFideId "14129574"]
[BlackFideId "14408120"]
[WhiteElo "2569"]
[BlackElo "2439"]
[Result "1-0"]
[Round "06"]
[TimeControl "180+1"]
[Date "2021.07.13"]
[WhiteClock "0:00:26"]
[BlackClock "0:00:02"]

1. e4 c5 2. Nc3 Nc6 3. g3 g6 4. Bg2 Bg7 5. d3 d6 6. f4 Rb8 7. a4 a6 8. Nf3 Bg4 9. h3 Bxf3 10. Bxf3 Nf6 11. O-O Nd4 12. Bg2 Nd7 13. a5 Nc6 14. e5 dxe5 15. f5 Nxa5 16. Ne4 Nc6 17. c3 O-O 18. Be3 Nf6 19. Bxc5 Nxe4 20. Bxe4 Rc8 21. Qb3 Qd7 22. Kg2 Bf6 23. Rf3 Kg7 24. Raf1 g5 25. Be3 h6 26. h4 Rh8 27. Rh1 g4 28. Rff1 h5 29. Ra1 Nd8 30. Qb6 Nc6 31. Rhd1 Kg8 32. Ra3 Bg7 33. Rb3 Rc7 34. Ra1 Bh6 35. Bf2 Bf8 36. Kg1 Rh6 37. Qe3 Bg7 38. Rb6 Kh8 39. Ra3 Rf6 40. Qg5 Rh6 41. Rab3 Nd8 42. Rxh6+ Bxh6 43. Qxh6+ 1-0


[Site "https://www.chess.com"]

[Event "Titled Tuesday Blitz July 13 2021"]
[White "Siniauski, Artsiom"]
[Black "Estrada Nieto, Julian"]
[WhiteFideId "13512269"]
[BlackFideId "5101018"]
[WhiteElo "2210"]
[BlackElo "2270"]
[Result "1-0"]
[Round "06"]
[TimeControl "180+1"]
[Date "2021.07.13"]
[WhiteClock "0:00:06"]
[BlackClock "0:00:01"]

1. e4 e5 2. Nf3 Nc6 3. Bb5 a6 4. Ba4 Nf6 5. O-O Be7 6. Re1 b5 7. Bb3 O-O 8. h3 d6 9. c3 Na5 10. Bc2 c5 11. d4 Qc7 12. Nbd2 cxd4 13. cxd4 Bd7 14. Nf1 Rac8 15. Bd3 Nc6 16. a3 Nxd4 17. Nxd4 exd4 18. Bg5 h6 19. Bh4 Rfe8 20. Rc1 Qb6 21. Nd2 Rxc1 22. Qxc1 Be6 23. b4 Rc8 24. Qb2 Rc3 25. Bb1 Qc7 26. Rd1 Nh5 27. Bxe7 Qxe7 28. Nf1 Qf6 29. Qd2 Nf4 30. Kh2 Rxa3 31. Qxd4 Qxd4 32. Rxd4 Ra1 33. Nd2 Ne2 34. Rxd6 Nc3 35. Bd3 Kf8 36. e5 Ke7 37. Ne4 Nxe4 38. Bxe4 Ra2 39. Kg3 Ra3+ 40. f3 g5 41. Bb7 Rb3 42. Rxa6 Rxb4 43. Bc6 Rb2 44. Ra7+ Kf8 45. h4 b4 46. hxg5 hxg5 47. f4 gxf4+ 48. Kxf4 Kg7 49. Rb7 Rf2+ 50. Ke3 Rb2 51. Kd3 b3 52. Bf3 Rb1 53. Kc3 Re1 54. Rb5 Re3+ 55. Kd2 Rxf3 56. gxf3 Kg6 57. Ke3 Kf5 58. f4 Kg4 59. Ke4 Kg3 60. f5 Bc4 61. Rb4 b2 62. Rxb2 Kg4 63. Rc2 1-0


[Site "https://www.chess.com"]

[Event "Titled Tuesday Blitz July 13 2021"]
[White "Sjugirov, Sanan"]
[Black "Martinez Alcantara, Jose Eduardo"]
[WhiteFideId "4189302"]
[BlackFideId "3805662"]
[WhiteElo "2931"]
[BlackElo "3005"]
[Result "1/2-1/2"]
[Round "06"]
[TimeControl "180+1"]
[Date "2021.07.13"]
[WhiteClock "0:01:53"]
[BlackClock "0:02:46"]

1. e4 c5 2. Nf3 d6 3. Bb5+ Nd7 4. O-O a6 5. Bd3 Ngf6 6. Re1 e6 7. c3 b5 8. Bc2 c4 9. a4 Bb7 10. axb5 axb5 11. Rxa8 Qxa8 12. Na3 Bxe4 13. Bxe4 Nxe4 14. d3 cxd3 15. Qxd3 d5 16. Nxb5 Qb7 17. Be3 Bc5 18. c4 O-O 19. b3 1/2-1/2


[Site "https://www.chess.com"]

[Event "Titled Tuesday Blitz July 13 2021"]
[White "Skatchkov, Valery"]
[Black "Tanenbaum, Zachary"]
[WhiteFideId "24195812"]
[BlackFideId "2060850"]
[WhiteElo "2199"]
[BlackElo "2165"]
[Result "1-0"]
[Round "06"]
[TimeControl "180+1"]
[Date "2021.07.13"]
[WhiteClock "0:02:01"]
[BlackClock "0:00:15"]

1. c4 e5 2. Nc3 Nf6 3. g3 Nc6 4. Bg2 Bc5 5. e3 d6 6. Nge2 O-O 7. O-O Re8 8. f4 e4 9. b3 Nb4 10. a3 Nd3 11. Qc2 Bf5 12. b4 Bb6 13. Nb5 Qd7 14. Bb2 a6 15. Nbd4 Bh3 16. f5 Bxg2 17. Kxg2 Rac8 18. Nf4 Ne5 19. c5 Ba7 20. h3 d5 21. g4 c6 22. g5 Qe7 23. gxf6 Qxf6 24. Kh2 Qh4 25. Rg1 Bb8 26. Raf1 Nd3 27. Ne2 Kh8 28. Bxg7+ Kg8 29. Bf6+ 1-0


[Site "https://www.chess.com"]